 Dungeon Crawl Stone Soup version 0.30.0-20-g3615ddf2f0 (webtiles) character file.

Game seed: 8437255094549973951

218 qw the Chopper (level 5, -7/32 HPs)
             Began as a Gargoyle Fighter on May 31, 2023.
             Killed from afar by Sigmund (10 damage)
             ... with a puff of flame
             ... on level 3 of the Dungeon.
             The game lasted 00:01:28 (3063 turns).

qw the Chopper (Gargoyle Fighter)                   Turns: 3063, Time: 00:01:29

Health: -7/32      AC: 10    Str: 23    XL:     5   Next: 95%
Magic:  0/14       EV:  9    Int:  9    God:
Gold:   102        SH:  4    Dex:  9    Spells: 4/4 levels left

rFire   . . .        Y - +0 war axe
rCold   . . .        c - +0 buckler
rNeg    + . .        b - +0 scale mail
rPois   inf          (no helmet)
rElec   +            (no cloak)
rCorr   .            (no gloves)
SInv    .            (no boots)
Will    +....        a - amulet "Cyept" {Spirit rElec Will+ MP+9 Str+2} Stlth
                     (no ring)
HPRegen 0.25/turn    (no ring)
MPRegen 0.14/turn

%: guardian spirit
@: no status effects
A: sickness immunity, AC +4, negative energy resistance 1, electricity
resistance, torment resistance 1, petrification resistance
a: no special abilities


You were on level 3 of the Dungeon.
You visited 1 branch of the dungeon, and saw 3 of its levels.

You collected 102 gold pieces.


Innate Abilities, Weirdness & Mutations

You are immune to sickness and miasma.
Your stone body is resilient. (AC +4)
You are immune to poison.
You resist negative energy. (rN+)
You are resistant to electric shocks. (rElec)
You are resistant to unholy torment.
You are immune to petrification.


   Skills:
 + Level 3.3 Fighting
 - Level 5.1 Axes
 - Level 3.2 Armour
 - Level 1.1 Dodging
 - Level 3.2 Shields


You had 4 spell levels left.
You didn't know any spells.
Your spell library was empty.

Inventory:

Hand Weapons
 m - a +0 whip
 Y - a +0 war axe (weapon)
Missiles
 l - 6 boomerangs (quivered)
Armour
 b - a +0 scale mail (worn)
 c - a +0 buckler (worn)
 e - a +0 chain mail
Jewellery
 a - the amulet "Cyept" (around neck) {Spirit rElec Will+ MP+9 Str+2}
   (You found it on level 2 of the Dungeon)

   [amulet of guardian spirit]

   It causes incoming damage to be divided between your reserves of health and
   magic.
   Str:       It affects your strength (+2).
   rElec:     It insulates you from electricity.
   MP:        It affects your magic capacity (+9).
   Will:      It increases your willpower.
Scrolls
 f - a scroll of enchant armour
 g - a scroll of fog {unknown}
 k - 4 scrolls of identify
Potions
 d - a potion of might
 h - a potion of magic {unknown}
 i - a potion of heal wounds {unknown}
 j - 2 potions of curing {unknown}
 n - a potion of flight {unknown}

Dungeon Overview and Level Annotations

Branches:
Dungeon (3/15)

Altars:
Dithmenos

Annotations:
D:3 Sigmund


Message History

Sigmund hits you with a +0 scythe!
You closely miss Sigmund.
Sigmund is heavily wounded.
You hit the plant.
A nearby plant withers and dies.
Sigmund hits you with a +0 scythe.
You barely miss Sigmund.
Sigmund is heavily wounded.
Sigmund gestures wildly while chanting.
Sigmund flickers and vanishes!
Deactivating autopickup; reactivate with Ctrl-A.
You miss something. Something hits you!
You miss something. Something hits you but does no damage.
You miss something.
You hear some strange, mumbled words.
Something tries to affect you, but you resist.
You barely miss something. Something hits you!
You closely miss something. Something hits you.
You barely miss something. You miss something. Something hits you.
You miss something. Something completely misses you.
You closely miss something. Something hits you but does no damage.
You barely miss something. Something hits you!
You slash something! Something hits you but does no damage.
You closely miss something.
You hear some strange, mumbled words.
Something tries to affect you, but you resist.
You barely miss something.
You hear some strange, mumbled words.
A puff of flame appears from out of thin air!
The puff of flame hits you!
You die...

#.##...%..........
#.##...##''#P#...
#.##..#.)....#.#
#.##......PP.P.#
#.##..#.P....#.#
#.##..#.P......#
#.o.#......P.#
#@#.#........#
#.#.######@..#
......{...#
#..........#
#..........#
.............
#..........###
#!.........# ####
############ ...#
##########


There were no monsters in sight!

Vanquished Creatures
  An orc priest (D:3)
  Natasha (thrice) (D:3)
  3 adders
  A shadow imp (D:3)
  4 dart slugs
  5 orcs (D:3)
  7 ball pythons
  10 endoplasms
  3 giant cockroaches
  4 goblins (D:3)
  7 hobgoblins
  A jackal (D:1)
  3 kobolds
  A quokka (D:2)
  3 bats
  4 frilled lizards
  9 rats
69 creatures vanquished.

Notes
Turn   | Place    | Note
-------+----------+-------------------------------------------
     0 | D:1      | qw the Gargoyle Fighter began the quest for the Orb.
     0 | D:1      | Reached XP level 1. HP: 14/14 MP: 1/1
     0 | D:1      | 0 ||| qw: Version: 0.2-a-102-gfc559e5
     0 | D:1      | 0 ||| qw: Game counter: 565
     0 | D:1      | 0 ||| qw: Always use a shield: true
     0 | D:1      | 0 ||| qw: God list: Okawaru
     0 | D:1      | 0 ||| qw: Allow faded altars: false
     0 | D:1      | 0 ||| qw: Do Orc after D:15 true
     0 | D:1      | 0 ||| qw: Do second Lair branch before Depths: true
     0 | D:1      | 0 ||| qw: Lair rune preference: random
     0 | D:1      | 0 ||| qw: Plans: Normal, Zot:1-4, Slime:5, God:TSO, Crypt,
                  | Tomb, Pan, Hells, Abyss, Win
     0 | D:1      | 0 ||| PLANNING D:1-11
    60 | D:1      | Reached skill level 2 in Axes
   132 | D:1      | Reached XP level 2. HP: 19/19 MP: 2/2
   474 | D:1      | Reached skill level 3 in Axes
   676 | D:1      | 676 ||| DROPPING ring of flight.
   677 | D:1      | 677 ||| READING scroll labelled MOCATHR YD NUCS.
   678 | D:1      | 678 ||| READING scroll labelled GOIF QYITI.
   679 | D:1      | 679 ||| READING scroll labelled SIFESE TIRO.
   795 | D:2      | Identified the amulet "Cyept" {Spirit rElec Will+ MP+9
                  | Str+2}
   832 | D:2      | Reached XP level 3. HP: 21/23 MP: 3/3
   868 | D:2      | Found a faded altar of an unknown god.
  1057 | D:2      | 1057 ||| Stepping ~*~*~tactically~*~*~ (stealth).
  1060 | D:2      | 1060 ||| Stepping ~*~*~tactically~*~*~ (stealth).
  1062 | D:2      | 1062 ||| Stepping ~*~*~tactically~*~*~ (stealth).
  1126 | D:2      | 1126 ||| Stepping ~*~*~tactically~*~*~ (hiding).
  1228 | D:2      | 1228 ||| Stepping ~*~*~tactically~*~*~ (stealth).
  1570 | D:2      | Reached XP level 4. HP: 28/28 MP: 4/4
  1574 | D:2      | Found a shadowy altar of Dithmenos.
  1598 | D:2      | 1598 ||| DROPPING +0 club.
  2011 | D:2      | 2011 ||| UPGRADING to amulet "Cyept" {Spirit rElec Will+
                  | MP+9 Str+2}.
  2086 | D:2      | 2086 ||| READING scroll labelled SOUSE TAQEFUFU.
  2087 | D:2      | 2087 ||| READING scroll labelled CEGGEE ATIPIO.
  2090 | D:2      | 2090 ||| DRINKING 2 silvery potions.
  2091 | D:2      | 2091 ||| DROPPING potion of brilliance.
  2136 | D:3      | 2136 ||| Stepping ~*~*~tactically~*~*~ (hiding).
  2145 | D:3      | Reached skill level 4 in Axes
  2278 | D:3      | Reached XP level 5. HP: 32/32 MP: 5/5
  2538 | D:3      | Noticed Natasha
  2548 | D:3      | Killed Natasha
  2676 | D:3      | Noticed Natasha
  2677 | D:3      | 2677 ||| Stepping ~*~*~tactically~*~*~ (stealth).
  2686 | D:3      | Killed Natasha
  2687 | D:3      | Reached skill level 5 in Axes
  2715 | D:3      | 2715 ||| Stepping ~*~*~tactically~*~*~ (hiding).
  2773 | D:3      | Noticed Natasha
  2774 | D:3      | 2774 ||| Stepping ~*~*~tactically~*~*~ (stealth).
  2779 | D:3      | 2779 ||| Stepping ~*~*~tactically~*~*~ (stealth).
  2858 | D:3      | Killed Natasha
  2859 | D:3      | Reached skill level 1 in Dodging
  2911 | D:3      | 2911 ||| Stepping ~*~*~tactically~*~*~ (hiding).
  2917 | D:3      | 2917 ||| Stepping ~*~*~tactically~*~*~ (hiding).
  3027 | D:3      | Noticed Sigmund
  3028 | D:3      | 3028 ||| Stepping ~*~*~tactically~*~*~ (stealth).
  3029 | D:3      | 3029 ||| Stepping ~*~*~tactically~*~*~ (stealth).
  3057 | D:3      | HP: 6/32 [something (3)]
  3060 | D:3      | HP: 2/32 [something (5)]
  3063 | D:3      | Killed from afar by Sigmund

Levels and vault maps discovered:
D:1:      tarquinn_simple_flora_water_a, layout_loops_ring, minmay_heptomino_w4
D:2:      layout_basic, shapermc_ecumenical_altar_mp_ritualfount, basic_altar,
          kennysheep_nub, chequers_serial_rivers_micro_d, minmay_between
D:3:      cheibrodos_old_hovel, layout_basic, minmay_misc_feat_four_crosses,
          supply_closet_lemuel, minmay_randomly_rotated_circles, uniq_natasha,
          uniq_sigmund

Skill      XL: |  1  2  3  4  5 |
---------------+----------------+-----
Axes           | 2 3 4 5 |  5.1
Dodging        | 1 |  1.1
Fighting       | |  3.3
Armour         | |  3.2
Shields        | |  3.2

Action                     |  1- 3 |  4- 6 || total
---------------------------+-------+-------++-------
  Melee: War axe           |   139 |    94 ||   233
  Throw: Boomerang         |       |     1 ||     1
    Use: Scroll            |     3 |     2 ||     5
         Potion            |       |     1 ||     1
 Armour: Scale mail        |    82 |    42 ||   124
  Dodge: Dodged            |    72 |    29 ||   101
  Block: Buckler           |    25 |    18 ||    43

Table legend:
 A = Non-vault XP
 B = Vault XP
 C = Vault XP percentage of total XP
 D = Non-vault monster count
 E = Vault monster count
 F = Vault count percentage of total count
                 A         B        C        D         E       F
            +---------+---------+-------+---------+---------+-------
      Total |     244 |      68 |  21.8 |      52 |      17 |  24.6
            +---------+---------+-------+---------+---------+-------
        D:1 |      19 |      11 |  36.7 |      13 |       6 |  31.6
        D:2 |      46 |       8 |  14.8 |      20 |       3 |  13.0
        D:3 |     179 |      49 |  21.5 |      19 |       8 |  29.6
            +---------+---------+-------+---------+---------+-------
